Unix NetHack Version 3.7.0-86 Work-in-progress - last build May 30 2023 11:53:40 (cc98dc9aa62a9957b082a042edf5bd7ec9f632c7,branch:master). Game began 2023-06-08 23:06:27, ended 2023-06-08 23:36:21. Ted, neutral female human Priestess ---- ----- |..| -- |...-- ---..-- ---.--....-----|.....| |...........|.--.....---- |......|..............|.-- --.GG-----...............| |...| |..--......)..<-- --.h-- ---|............- |G).- |..............- --....| |...%--.....--.... |....| |..----.....| --... --.--- -.. .%....| - ..- --- ..-- ---...-- ..| ... -...| -- --.. ..-- ..- .... --- ...-- ----- Ted the Acolyte St:11 Dx:15 Co:10 In:9 Wi:17 Ch:7 Neutral S:1831 Dlvl:4 $:57 HP:0(40) Pw:7(48) AC:3 Xp:5/319 T:2752 Fainting Burdened Latest messages: The gnome picks up 9 cursed darts. You wake up. The gnome lord picks up a gem. The dwarf throws a stout spear! A stout spear misses you. The dwarf wields a broad short sword! The dwarf picks up a corroded stout spear. The gnome misses! You faint from lack of food. The gnome swings wildly and misses! You regain consciousness. You can hear again. The gnome wields a thonged club! The gnome attacks a spot beside you. You faint from lack of food. The gnome swings her thonged club. The gnome hits! The gnome swings her thonged club. The gnome misses! The gnome swings her thonged club. The gnome hits! You regain consciousness. You faint from lack of food. The gnome swings her thonged club. The gnome hits! The gnome swings her thonged club. The gnome hits! The gnome swings her thonged club. The gnome hits! The dwarf throws a stout spear! A stout spear misses you. The gnome swings her thonged club. The gnome hits! The dwarf throws a poisoned dart! You are hit by a poisoned dart. You dream that you hear the howling of the CwnAnnwn... Your movements are slowed slightly because of your load. You dream that you feel weaker! The gnome swings her thonged club. The gnome misses! The gnome swings her thonged club. The gnome just misses! You regain consciousness. The dwarf thrusts his broad short sword. The dwarf hits! You die... Do you want your possessions identified? [ynq] (y) y Do you want to see your attributes? [ynq] (y) y Do you want an account of creatures vanquished? [ynaq] (y) y Do you want to see your conduct and achievements? [ynq] (y) q Inventory: Coins $ - 57 gold pieces Weapons a - a blessed +1 mace (weapon in hand) Armor c - a +0 small shield (being worn) b - a +0 robe (being worn) A - a blessed +1 studded leather armor (being worn) Scrolls i - a scroll of blank paper w - 2 cursed scrolls of destroy armor k - a scroll of enchant weapon p - a scroll of food detection j - 2 scrolls of identify u - a scroll of remove curse l - a scroll of teleportation Spellbooks g - a spellbook of detect monsters h - a spellbook of identify y - a blessed spellbook of light Potions E - a blessed potion of healing s - a potion of invisibility n - a cursed potion of monster detection d - 3 potions of holy water Tools t - a credit card D - a tin whistle Gems/Stones o - 2 worthless pieces of blue glass z - a worthless piece of yellow glass Ted the Priestess's attributes: Background: You were an Acolyte, a level 5 human Priestess. You were neutral, on a mission for Odin who was opposed by Tyr (lawful) and Loki (chaotic). You were in the Gnomish Mines, on level 4. You entered the dungeon 2752 turns ago. It was nighttime. You had 319 experience points, 1 more was needed to attain level 6. Your score was 1831 before end-of-game adjustments. Basics: You had 0 out of 40 hit points. You had 7 out of 48 energy points (spell power). Your armor class was 3. Your wallet contained 57 zorkmids. Autopickup was on for '$"=/!?' plus thrown. Final Characteristics: Your strength was 11 (base:12, peak:13, limit:18/100). Your dexterity was 15 (limit:18). Your constitution was 10 (limit:18). Your intelligence was 9 (limit:18). Your wisdom was 17 (peak:18, limit:18). Your charisma was 7 (peak:11, limit:18). Final Status: You were fainting due to starvation. You were burdened; movement was slightly slowed. You were wielding a mace. You were skilled in mace. Final Attributes: You were piously aligned. You were invisible. You were guarded. You were unlucky. Odin was angry with you. You are dead. Miscellaneous: You never encountered a bones level. Total elapsed playing time was 29 minutes and 53 seconds. Major events: Turn 1: Ted the neutral human Priestess entered the dungeon 553: attained the rank of Acolyte (level 3) 1254: entered the Gnomish Mines 2342: attained the rank of Adept (level 6) 2752: killed by a dwarf Vanquished creatures: a ghost a shrieker a gnome leader 2 giant ants a kitten 2 dwarves a homunculus a giant bat 9 orc zombies 3 dwarf zombies a wererat a werejackal 3 iguanas an acid blob a gas spore 2 manes 3 giant rats a yellow mold 9 gnomes 6 gnome zombies 8 jackals 2 foxes 2 goblins 2 sewer rats 4 lichens 6 kobold zombies 5 newts 79 creatures vanquished. No species were genocided or became extinct. Voluntary challenges: You read items or engraved 5 times. You engraved Elbereth 2 times. You never genocided any monsters. You never polymorphed an object. You never changed form. You used no wishes. Achievements: You attained the rank of Acolyte. You entered the Gnomish Mines. You attained the rank of Adept. The Dungeons of Doom: levels 1 to 4 Level 1: Level 2: A fountain. Stairs down to The Gnomish Mines. Level 3: Level 4: The Gnomish Mines: levels 3 to 4 Level 3: Level 4: <- You were here. Final resting place for you, killed by a dwarf. Game over: ---------- / \ / REST \ / IN \ / PEACE \ / \ | Ted | | 57 Au | | killed by a | | dwarf | | | | | | 2023 | *| * * * | * _________)/\\_//(\/(/\)/\//\/|_)_______ Goodbye Ted the Priestess... You died in The Gnomish Mines on dungeon level 4 with 1826 points, and 57 pieces of gold, after 2752 moves. You were level 5 with a maximum of 40 hit points when you died.